 Dungeon Crawl Stone Soup version 0.31.0-11-ge490571c62 (webtiles) character file.

Game seed: 17563428431296614693

188 EnegeticOcto the Scratcher (level 5, 26/26 HPs)
             Began as a Felid Shapeshifter on Feb 10, 2024.
             Quit the game on level 3 of the Dungeon.
             The game lasted 00:01:25 (1728 turns).

EnegeticOcto the Scratcher (Felid Shapeshifter)     Turns: 1728, Time: 00:01:26

Health: 26/26      AC:  1    Str: 10    XL:     5   Next: 39%
Magic:  6/6        EV: 18    Int: 13    God:
Gold:   12         SH:  0    Dex: 18    Spells: 4/4 levels left
                                        Lives:  1   Deaths: 1

rFire   . .          .
                       - Unarmed
rCold   . . .        (shield unavailable)
rNeg    . . .        (body armour unavailable)
rPois   .            (helmet unavailable)
rElec   .            (cloak unavailable)
rCorr   .            (gloves unavailable)
SInv    +            (boots unavailable)
Will    .....        (no amulet)
Stlth   ++           (no ring)
HPRegen 0.24/turn    (no ring)
MPRegen 0.10/turn

%: no passive effects
@: beast-form
A: beast (slay +1), very small, claws 1, fangs 3, see invisible, shaggy fur 1,
stealthy paws, no weapons or thrown items, no armour, multi-lived
a: Begin Untransformation


You were on level 3 of the Dungeon.
You were a hulking beast.
You visited 1 branch of the dungeon, and saw 3 of its levels.

You collected 117 gold pieces.
You spent 105 gold pieces at shops.

Inventory:

Jewellery
 d - an amulet of faith
   (You found it on level 1 of the Dungeon)
 f - a ring of positive energy
   (You found it on level 1 of the Dungeon)
 k - a +6 ring of intelligence
   (You found it on level 2 of the Dungeon)
Talismans
 b - a beast talisman
 c - a flux talisman
Wands
 t - a wand of polymorph (5)
   (You bought it in a shop on level 3 of the Dungeon)
Scrolls
 e - a scroll of teleportation {@r3}
 h - a scroll of noise
 i - a scroll of fear
 j - a scroll of amnesia {unknown}
 l - a scroll of butterflies {unknown}
 s - a scroll of silence {unknown}
Potions
 a - a potion of lignification
 m - a potion of might {unknown}
 n - 2 potions of curing {unknown}
 o - a potion of heal wounds {unknown}
 p - a potion of degeneration {unknown}
 q - a potion of enlightenment {unknown}
 r - a potion of magic {unknown}


   Skills:
 + Level 2.3 Fighting
 + Level 3.8 Dodging
 + Level 2.8 Stealth
 * Level 4.3 Unarmed Combat
 + Level 3.2 Shapeshifting


You had 4 spell levels left.
You didn't know any spells.
Your spell library was empty.

Dungeon Overview and Level Annotations

Branches:
Dungeon (3/15)

Altars:
Uskayaw

Shops:
D:3 *


Innate Abilities, Weirdness & Mutations

You are a hulking beast.
Your limbs bulge with bestial killing power. (Slay +1)
You have sharp claws.
You have razor-sharp teeth.
You have supernaturally acute eyesight. (SInv)
You are covered in fur. (AC +1)
Your paws help you pounce on unaware monsters.
You are incapable of wielding weapons or throwing items.
You cannot wear armour.
You gain extra lives every three experience levels.


Message History

The hound closely misses you.
You claw the hound!
You kill the hound!
The rat bites you but does no damage.
You claw the rat!
You kill the rat!
A ball python comes into view.
The hobgoblin hits you.
You see here a rat corpse.
You barely miss the hobgoblin. The hobgoblin misses you.
The ball python hisses angrily.
You scratch the hobgoblin. Your bite misses the hobgoblin.
The hobgoblin is moderately wounded.
The hobgoblin barely misses you.
A goblin comes into view. It is wielding a +0 dagger.
You scratch the hobgoblin. You bite the hobgoblin.
You kill the hobgoblin!
The ball python closely misses you. The ball python misses you.
You closely miss the ball python. The ball python completely misses you.
The ball python barely misses you.
You scratch the ball python.
You kill the ball python!
The goblin unwields a +0 dagger.
The goblin wields a +0 sling.
The goblin shoots a sling bullet.
The sling bullet closely misses you.
A goblin is nearby!
A goblin is nearby!
A goblin is nearby!
The goblin unwields a +0 sling.
The goblin wields a +0 dagger.
The goblin barely misses you.
You scratch the goblin.
You kill the goblin!
No target in view!
No target in view!
No target in view!
No target in view!
No target in view!
No target in view!
You open the door.
There is an open door here.
You open the door.
Found a robe.
There is an open door here.
You see here a +0 robe.
Found 4 stones.
You see here 4 stones.
As you open the door, it creaks loudly!
There is an open door here.
You open the door.
Found 6 stones.
No target in view!
No target in view!
No target in view!
No target in view!
No target in view!
No target in view!
No target in view!
No target in view!
No target in view!
A rat comes into view.
There is an open door here.
A rat is nearby!
A rat is nearby!
A rat is nearby!
You claw the rat!
You kill the rat!
No target in view!
No target in view!
No target in view!
No target in view!
You open the door.
There is an open door here.
A frilled lizard comes into view.
The frilled lizard moves out of view.
An endoplasm comes into view.
You claw the frilled lizard!
You kill the frilled lizard!
The endoplasm misses you.
You scratch the endoplasm. You claw the endoplasm.
The endoplasm is almost dead.
The endoplasm misses you.
You claw the endoplasm!
You kill the endoplasm!
No target in view!
No target in view!
You open the door.
Found a faded altar of an unknown god.
Found a book of Transmutation.
There is an open door here.
No target in view!
No target in view!
No target in view!
No target in view!
No target in view!
No target in view!
No target in view!
No target in view!
There is a faded altar of an unknown god here.
This altar belongs to (a) Ashenzari, (b) Makhleb or (c) the Shining One, but you can't tell which.
Press the corresponding letter to learn more about a god, or press enter to convert or escape to cancel.
Okay, then.
Are you sure you want to abandon this character and quit the game? (Confirm with "yes".)

# #......#.
#...#.# #.#### #
########.#######.#
#.#... #
#.#.......# ###.##
# #.#.####### #.#
# #.#.# #.# #
#.#'### #.# #
#.....#### #.# #
+........# #.#
#### #.h......#
#.# ...#
#.....#+##...# #.#
...# #..... ...#
#.# ...# #.....
..# #.# .###
#....: ..# #.# .#
#..... #.# .#
##...# #.# ....
+... ...# #.# #.##
#...#...# #.##


There were no monsters in sight!

Vanquished Creatures
  A bombardier beetle (D:3)
  A hound (D:3)
  An iguana (D:3)
  5 adders (D:2)
  A dart slug (D:2)
  7 ball pythons
  7 endoplasms
  4 giant cockroaches (D:1)
  2 goblins
  4 hobgoblins
  2 jackals (D:2)
  A quokka (D:1)
  9 bats
  5 frilled lizards
  2 kobolds
  7 rats
59 creatures vanquished.

Notes
Turn   | Place    | Note
-------+----------+-------------------------------------------
     0 | D:1      | EnegeticOcto the Felid Shapeshifter began the quest for the
                  | Orb.
     0 | D:1      | Reached XP level 1. HP: 10/10 MP: 2/2
    90 | D:1      | Reached XP level 2. HP: 10/14 MP: 3/3
   189 | D:1      | Reached skill level 1 in Stealth
   460 | D:1      | Reached XP level 3. HP: 18/18 MP: 4/4
   583 | D:2      | Found a hide-covered altar of Uskayaw.
   969 | D:2      | Reached XP level 4. HP: 19/23 MP: 5/5
   969 | D:2      | Gained a life (2 lives remaining)
  1300 | D:3      | Found Barraoc's Assorted Antiques.
  1311 | D:3      | Reached skill level 4 in Unarmed Combat
  1325 | D:3      | Bought a scroll labelled MINTEOVO ERUA for 21 gold pieces
  1325 | D:3      | Bought a curved copper wand for 84 gold pieces
  1562 | D:3      | Incinerated by a bombardier beetle
  1562 | D:3      | Lost a life (1 life remaining)
  1563 | D:3      | Reached XP level 5. HP: 26/26 MP: 6/6
  1723 | D:3      | Found a faded altar of an unknown god.
  1728 | D:3      | Quit the game

Illustrated notes

Levels and vault maps discovered:
D:1:      scummos_arrival_forest, layout_rooms
D:2:      minmay_general_purpose_star, layout_basic, basic_altar, minmay_puff
D:3:      layout_basic, serial_shops, shop, basic_ecumenical_altar

Skill      XL: |  1  2  3  4 |
---------------+-------------+-----
Stealth        | 1 2 |  2.8
Dodging        | 3 |  3.8
Shapeshifting  | 3 |  3.2
Fighting       | 2 |  2.3
Unarmed Combat | 4 |  4.3

Action                     |  1- 3 |  4- 6 || total
---------------------------+-------+-------++-------
  Melee: Unarmed           |    94 |    46 ||   140
         Bite              |     8 |     5 ||    13
         Punch             |     1 |     1 ||     2
    Use: Scroll            |       |     3 ||     3
   Stab: Sleeping          |     6 |     1 ||     7
 Armour: Skin              |    27 |     7 ||    34
  Dodge: Dodged            |    88 |    40 ||   128
